 Dungeon Crawl Stone Soup version 0.10.4 character file.

136 Astera the Stinger (level 3, 20/21 HPs)
             Began as a Sludge Elf Venom Mage on June 22, 2022.
             Quit the game on Level 2 of the Dungeon.
             The game lasted 00:13:19 (1676 turns).

Astera the Stinger (Sludge Elf Venom Mage)          Turns: 1676, Time: 00:13:19

HP  20/21        AC  2     Str  8      XL: 3   Next: 39%
MP   7/7         EV 13     Int 17      God:
Gold 99          SH  0     Dex 14      Spells:  1 memorised,  4 levels left

Res.Fire  : . . .   See Invis. : .   e - -1,+1 orc spear
Res.Cold  : . . .   Warding    : . . a - +0 elf robe
Life Prot.: . . .   Conserve   : .   (no shield)
Res.Acid. : . . .   Res.Corr.  : .   (no helmet)
Res.Poison: .       Clarity    : .   (no cloak)
Res.Elec. : .       Spirit.Shd : .   (no gloves)
Sust.Abil.: . .     Stasis     : .   (no boots)
Res.Mut.  : .       Ctrl.Telep.: .   (no amulet)
Res.Rott. : .       Levitation : .   (no ring)
Saprovore : . . .   Ctrl.Flight: .   (no ring)

@: slightly resistant to hostile enchantments, fairly stealthy
A: no striking features
a: no special abilities


You were on level 2 of the Dungeon.
You were hungry.

You visited 1 branch of the dungeon, and saw 3 of its levels.

You collected 79 gold pieces.

Inventory:

Hand weapons
 e - a -1,+1 orcish spear (weapon)
Missiles
 k - 6 +0 darts of flame (quivered)
Armour
 a - a +0 elven robe (worn)
 j - a +1 dwarven chain mail
Comestibles
 c - a bread ration
 d - a meat ration
 g - a pear
 o - a royal jelly
 u - a chunk of hobgoblin flesh
Scrolls
 h - 2 scrolls of remove curse {unknown}
 l - 2 scrolls of recharging {unknown}
 m - 3 scrolls of random uselessness {unknown}
 p - a scroll of fog {unknown}
 q - a scroll of detect curse {unknown}
 s - a scroll of identify {unknown}
 t - a scroll of amnesia {unknown}
Potions
 f - 3 potions of speed {unknown}
 i - a potion of heal wounds {unknown}
 n - a potion of might {unknown}
 r - a potion of restore abilities {unknown}
Books
 b - a Young Poisoner's Handbook

   Spells                             Type                      Level
   *Sting                             Conjuration/Poison           1
   Cure Poison                        Poison                       2
   Mephitic Cloud                     Conjuration/Poison/Air       3
   Olgreb's Toxic Radiance            Poison                       4
   Venom Bolt                         Conjuration/Poison           5


   Skills:
 + Level 0.5 Fighting
 + Level 0.5 Polearms
 + Level 0.4 Throwing
 + Level 2.8 Dodging
 + Level 2.9 Stealth
 + Level 1.7 Spellcasting
 + Level 1.0 Conjurations
 + Level 5.2 Poison Magic


You had 4 spell levels left.
You knew the following spells:

 Your Spells              Type           Power        Failure   Level  Hunger
a - Sting                 Pois/Conj      ###..        6%          1    Strawberry

Dungeon Overview and Level Annotations

Branches:
Dungeon (3/27)

Altars:
Xom


Message History

Found 21 arrows.
You open the door.
There is an open door here.
A hobgoblin comes into view.
The hobgoblin shouts!
You see here 21 arrows.
Found 12 gold pieces.
You barely miss the hobgoblin. The hobgoblin misses you.
You barely miss the hobgoblin. The hobgoblin hits you.
You hit the hobgoblin but do no damage. The hobgoblin misses you.
You hit the hobgoblin.
The hobgoblin is heavily wounded.
The hobgoblin barely misses you.
You barely miss the hobgoblin.
The hobgoblin is heavily wounded.
The hobgoblin hits you but does no damage.
You barely miss the hobgoblin.
The hobgoblin is heavily wounded.
The hobgoblin misses you.
Are you sure you want to quit without saving? (Confirm with "yes".)

#### ...###########
........##...#
........##...# ###
........##...# ..
##########...####.######
##.......'...+ .........
##########...###........#
...............(@g.......
##.........##.##.#.......
...........##.##.# .....
...........+..##.# .$..
#..........#####.# ###
....)%...........#
#..###############
#............
.....###########


You could see a hobgoblin.

Vanquished Creatures
  2 oozes (D:1)
  A giant cockroach (D:3)
  9 goblins
  4 hobgoblins
  7 kobolds
  6 bats
  3 rats
32 creatures vanquished.

Vanquished Creatures (others)
  4 toadstools (D:1)
4 creatures vanquished.

Grand Total: 36 creatures vanquished

Notes
Turn   | Place    | Note
--------------------------------------------------------------
     0 | D:1      | Astera, the Sludge Elf Venom Mage, began the quest for the Orb.
     0 | D:1      | Reached XP level 1. HP: 11/11 MP: 3/3
    76 | D:1      | Found a shimmering altar of Xom.
    78 | D:1      | Found a shimmering altar of Xom.
    85 | D:1      | Found a shimmering altar of Xom.
   317 | D:1      | Reached XP level 2. HP: 17/17 MP: 0/5
   443 | D:1      | Reached skill level 5 in Poison Magic
   664 | D:1      | You fall through a shaft!
   875 | D:3      | Reached XP level 3. HP: 17/21 MP: 1/7
  1211 | D:1      | Reached skill level 1 in Conjurations
  1676 | D:2      | Quit the game
